 Dungeon Crawl Stone Soup version 0.20-a0-1039-gf554463 (console) character file.

35 r4s the Ducker (level 3, -3/17 HPs)
             Began as a Felid Chaos Knight on Apr 22, 2017.
             Killed from afar by Sigmund (6 damage)
             ... with a magic dart
             ... on level 2 of the Dungeon.
             The game lasted 00:06:46 (1443 turns).

r4s the Ducker (Felid Chaos Knight)                 Turns: 1443, Time: 00:06:47

Health: -3/17      AC:  1    Str:  8    XL:     3   Next: 17%
Magic:  4/4        EV: 21    Int: 13    God:    Xom [*.....]
Gold:   65         SH:  0    Dex: 16    Spells: 2/2 levels left
                                        Lives:  0   Deaths: 0

rFire    . . .     SeeInvis +     - Unarmed
rCold    . . .     Gourm    .   (shield unavailable)
rNeg     . . .     Faith    .   (armour unavailable)
rPois    .         Spirit   .   (helmet unavailable)
rElec    .         Reflect  .   (cloak unavailable)
rCorr    .         Harm     .   (gloves unavailable)
MR       .....                  (boots unavailable)
Stlth    ++........             (no amulet)
Regen    0.1/turn               f - +2 ring of evasion
MPRegen  0.1/turn               (no ring)

@: quick
A: no armour, no weapons or thrown items, stealth, claws 1, fangs 3, see
invisible, carnivore 3, speed 1, shaggy fur 1, slow metabolism 1, sharp paws
a: Renounce Religion


You were on level 2 of the Dungeon.
You worshipped Xom.
You were a special plaything of Xom.
You were completely stuffed.

You visited 1 branch of the dungeon, and saw 3 of its levels.

You collected 65 gold pieces.

Inventory:

Jewellery
 b - an uncursed ring of magical power
 f - a +2 ring of evasion (left paw)
Scrolls
 d - 2 scrolls of random uselessness {unknown}
 e - a scroll of amnesia {unknown}
 g - a scroll of identify {unknown}
Comestibles
 a - a meat ration
 c - 4 chunks of flesh


   Skills:
 + Level 3.6 Fighting
 + Level 3.6 Dodging
 * Level 1.3 Stealth
 + Level 3.3 Unarmed Combat


You had 2 spell levels left.
You didn't know any spells.

Dungeon Overview and Level Annotations

Branches:
Dungeon (3/15)

Altars:

Annotations:
D:2 Sigmund


Innate Abilities, Weirdness & Mutations

You cannot wear armour.
You are incapable of wielding weapons or throwing items.
Your paws allow you to move quietly. (Stealth)
You have sharp claws.
You have razor-sharp teeth.
You have supernaturally acute eyesight. (SInv)
You are carnivorous and can eat meat at any time.
You cover ground quickly.
You are covered in fur. (AC +1)
You have a slow metabolism.
Your sharp claws are effective at attacking unaware monsters.


Message History

You scratch Sigmund.
Sigmund is heavily wounded.
Sigmund misses you.
You closely miss Sigmund. Your claw misses Sigmund.
Sigmund is heavily wounded.
You scratch Sigmund.
Sigmund is severely wounded.
Sigmund closely misses you.
You scratch Sigmund. Your bite misses Sigmund.
Sigmund is severely wounded.
You scratch Sigmund.
Sigmund is almost dead.
Sigmund points at you and mumbles some strange words.
You resist with some effort.
You completely miss Sigmund.
Sigmund is almost dead.
Sigmund points at you and mumbles some strange words.
The magic dart hits you!
You die...
Xom titters!

# #.# # #.#
###########.#
............#
####################
#............#
##.########b## #.#
#b# #.# #@# #.# #@#
#.# #b# #.# #.# #.#
#.# #.# #.#
########.# #.#
.........# #.#
##########


You could see Sigmund (invisible).

Vanquished Creatures
  2 dart slugs
  A leopard gecko (D:1)
  3 bats
  2 giant cockroaches (D:1)
  2 goblins (D:1)
  4 hobgoblins
  3 jackals (D:1)
  A quokka (D:2)
  3 frilled lizards
  4 kobolds
  4 rats
29 creatures vanquished.

Notes
Turn   | Place    | Note
-------+----------+-------------------------------------------
     0 | D:1      | r4s the Felid Chaos Knight began the quest for the Orb.
     0 | D:1      | Reached XP level 1. HP: 10/10 MP: 2/2
    50 | D:1      | XOM: butterfly on damage
   201 | D:1      | XOM: divination: magic mapping
   217 | D:1      | XOM: butterfly on damage
   251 | D:1      | Reached XP level 2. HP: 11/14 MP: 3/3
   268 | D:1      | XOM: silly message
   381 | D:1      | XOM: harmless Air miscast
   521 | D:1      | Reached skill level 1 in Stealth
  1046 | D:2      | XOM: butterfly on damage
  1095 | D:1      | XOM: harmless Tmut miscast
  1207 | D:2      | Reached XP level 3. HP: 7/17 MP: 4/4
  1430 | D:2      | Noticed Sigmund
  1434 | D:2      | XOM: butterfly on damage
  1443 | D:2      | Killed from afar by Sigmund

Vault maps used:
D:1:      minmay_arrival_radiant_lines, st_stairs_4, bh_walls_and_bars
D:2:      grunt_ministairs_6, uniq_sigmund
D:3:      dancing_weapons_uskayaw, nicolae_overflow_crystal_walls,
          fedhas_altar_1, gammafunk_temple_overflow_statue, marbit_many_paths,
          first_bread, lemuel_tele_altar, uniq_terence

Skill      XL: |  1  2 |
---------------+-------+-----
Stealth        | 1 |  1.3
Fighting       | |  3.6
Dodging        | |  3.6
Unarmed Combat | |  3.3

Action                   || total
-------------------------++-------
Melee: Unarmed           ||    82
       Bite              ||     7
  Use: Scroll            ||     1
 Stab: Sleeping          ||     2
  Eat: Chunk             ||     8
Armor: Skin              ||     2
Dodge: Dodged            ||    40
